 Dungeon Crawl Stone Soup version 0.27.1-33-g824d729ab1 (webtiles) character file.

Game seed: 3199879455991567105

210 zeram the Cudgeller (level 5, -6/50 HPs)
             Began as a Troll Fighter on Dec 21, 2021.
             Mangled by a scorpion (7 damage)
             ... on level 5 of the Dungeon.
             The game lasted 00:03:46 (1951 turns).

zeram the Cudgeller (Troll Fighter)                 Turns: 1951, Time: 00:03:46

Health: -6/50      AC:  4    Str: 25    XL:     5   Next: 56%
Magic:  0/4        EV:  8    Int:  4    God:
Gold:   104        SH:  8    Dex:  9    Spells: 4/4 levels left

rFire    + . .     SeeInvis .   a - +1 flail
rCold    . . .     Faith    .   c - +0 kite shield
rNeg     . . .     Spirit   +   b - +0 robe
rPois    .         Reflect  .   (helmet restricted)
rElec    .         Harm     .   (no cloak)
rCorr    .         Rampage  .   (gloves unavailable)
Will     .....                  (boots unavailable)
Stlth    +.........             r - amulet of guardian spirit
HPRegen  1.16/turn              g - ring of protection from fire
MPRegen  0.09/turn              (no ring)

@: mighty, lethally poisoned (-6 -> -9)
A: large, unfitting armour, claws 3, regeneration 1, shaggy fur 1, tough skin 1
a: no special abilities


You were on level 5 of the Dungeon.
You visited 1 branch of the dungeon, and saw 4 of its levels.

You collected 104 gold pieces.

Inventory:

Hand Weapons
 a - a +1 flail (weapon)
Armour
 b - a +0 robe (worn)
 c - a +0 kite shield (worn)
Jewellery
 g - a ring of protection from fire (left claw)
 r - an amulet of guardian spirit (around neck)
Wands
 h - a wand of polymorph (9)
Scrolls
 f - 2 scrolls of amnesia
 i - a scroll of teleportation {unknown}
 j - 2 scrolls of noise {unknown}
 k - a scroll of vulnerability {unknown}
 m - 2 scrolls of fog {unknown}
 n - a scroll of identify {unknown}
 p - a scroll of fear {unknown}
 s - a scroll of enchant armour {unknown}
Potions
 d - a potion of might
 e - a potion of flight {unknown}
 l - a potion of attraction {unknown}
 o - a potion of curing {unknown}


   Skills:
 - Level 2.4 Fighting
 + Level 4.2 Maces & Flails
 + Level 3.8 Dodging
 - Level 2.4 Shields


You had 4 spell levels left.
You didn't know any spells.
Your spell library contained the following spells:

 Spells                   Type           Power      Damage    Failure   Level
 Apportation              Tloc           0%         N/A       93%         1
 Ignite Poison            Fire/Tmut/Pois 0%         N/A       100%        3
 Mephitic Cloud           Conj/Pois/Air  0%         N/A       100%        3
 Alistair's Intoxication  Tmut/Pois      0%         N/A       100%        5
 Bolt of Magma            Conj/Fire/Erth 0%         4d4       100%        5
 Invisibility             Hex            0%         N/A       100%        6


Dungeon Overview and Level Annotations

Branches:
Dungeon (3/15)

Altars:
Nemelex Xobeh


Innate Abilities, Weirdness & Mutations

You are too large for most types of armour.
You have claws for hands.
Your natural rate of healing is unusually fast.
You are covered in fur. (AC +1)
You have tough skin. (AC +1)


Message History

You are poisoned.
The scorpion poisons you! The scorpion stings you.
You are more poisoned.
The scorpion poisons you!
You sock the scorpion!
The scorpion is heavily wounded.
You feel extremely sick. The scorpion stings you.
You are more poisoned.
The scorpion poisons you! The scorpion barely misses you.
You hit the scorpion.
The scorpion is almost dead.
You feel extremely sick. You block the scorpion's attack.
You closely miss the scorpion.
The scorpion is almost dead.
You feel very sick. You block the scorpion's attack. The scorpion stings you!
You are more poisoned.
The scorpion poisons you!
You are too injured to fight recklessly!
You are too injured to fight recklessly!
You are too injured to fight recklessly!
You are too injured to fight recklessly!
You are too injured to fight recklessly!
You are too injured to fight recklessly!
You are too injured to fight recklessly!
* * * LOW HITPOINT WARNING * * *
You feel very sick.
You feel very mighty all of a sudden.
* * * LOW HITPOINT WARNING * * *
You feel very sick. The scorpion stings you.
* * * LOW HITPOINT WARNING * * *
You closely miss the scorpion.
The scorpion is almost dead.
* * * LOW HITPOINT WARNING * * *
You feel very sick. The scorpion stings you. The scorpion stings you!
You die...

...........#.....©.......
##......###..#########..#
#.<.....##.##8..?!.8##.#
#.......#..#$........#.#
#.......#..#.##...##.#.#
#######.#..#.##...##.#.#
#.#..#..$.©....#.#
#####'#..#.##...##.#.#
#....@...#S## #l#.#
#....s...#Z..
#........##8.
#.........###
#.........[..
#........#### #........#
#........# ##########


You could see a scorpion, an adder and a wyvern zombie.

Vanquished Creatures
  A bullfrog zombie (D:5)
  A hound (D:5)
  An iguana (D:5)
  4 adders
  3 dart slugs
  3 orcs
  6 endoplasms
  4 giant cockroaches
  A goblin (D:2)
  8 hobgoblins
  14 jackals
  2 quokkas (D:3)
  2 ball pythons
  6 bats
  3 frilled lizards
  3 kobolds
  6 rats
68 creatures vanquished.

Notes
Turn   | Place    | Note
-------+----------+-------------------------------------------
     0 | D:1      | zeram the Troll Fighter began the quest for the Orb.
     0 | D:1      | Reached XP level 1. HP: 22/22 MP: 0/0
    80 | D:1      | Reached skill level 2 in Maces & Flails
    95 | D:1      | Reached XP level 2. HP: 29/29 MP: 1/1
   643 | D:2      | Reached XP level 3. HP: 36/36 MP: 2/2
   744 | D:2      | You fall into a shaft and drop 1 floor!
   787 | D:2      | Reached skill level 3 in Maces & Flails
  1170 | D:2      | Found a faded altar of an unknown god.
  1194 | D:2      | Reached XP level 4. HP: 44/44 MP: 3/3
  1735 | D:3      | You fall into a shaft and drop 2 floors!
  1735 | D:5      | Entered Level 5 of the Dungeon
  1832 | D:5      | Reached XP level 5. HP: 48/50 MP: 4/4
  1853 | D:5      | Reached skill level 4 in Maces & Flails
  1854 | D:5      | Found a sparkling altar of Nemelex Xobeh.
  1951 | D:5      | HP: 1/50 [poisoned by a scorpion]
  1951 | D:5      | Mangled by a scorpion

Illustrated notes

Levels and vault maps discovered:
D:1:      sevenhm_arrival_forest_fort_small_4, layout_basic,
          kennysheep_decorative_pillar, nrook_loot_triangle
D:2:      minmay_wonky_spiral, layout_loops_ring,
          shapermc_ecumenical_altar_notcrosses
D:3:      layout_rooms, portal_sewer_entry_f
D:5:      layout_basic, nemelex_diamond_rough_becter, gammafunk_ghost_arena

Skill      XL: |  1  2  3  4  5 |
---------------+----------------+-----
Maces & Flails | 2 3 4 |  4.2
Dodging        | 3 |  3.8
Fighting       | |  2.4
Shields        | |  2.4

Action                   |  1- 3 |  4- 6 || total
-------------------------+-------+-------++-------
Melee: Flail             |   121 |   128 ||   249
  Use: Scroll            |     2 |       ||     2
       Potion            |       |     1 ||     1
Armor: Robe              |    65 |    79 ||   144
Dodge: Dodged            |    51 |    74 ||   125
Block: Kite shield       |    88 |    91 ||   179
